 Dungeon Crawl Stone Soup version 0.23.2-40-g277498a001 (webtiles) character file.

Game seed: 3179131878988263704

29 FishyPogo the Insei (level 3, 0/26 HPs)
             Began as a Merfolk Transmuter on Aug 16, 2019.
             Slain by a goblin (2 damage)
             ... led by Robin
             ... on level 2 of the Dungeon.
             The game lasted 00:03:38 (1405 turns).

FishyPogo the Insei (Merfolk Transmuter)            Turns: 1405, Time: 00:03:41

Health: 0/26       AC:  2    Str:  8 (10) XL:     3   Next: 16%
Magic:  6/6        EV: 13    Int: 11 (13) God:
Gold:   21         SH:  0    Dex: 11 (14) Spells: 5/6 levels left

rFire    . . .     SeeInvis .   g - +2 mace (crush)
rCold    . . .     Gourm    .   (no shield)
rNeg     . . .     Faith    .   b - +0 robe
rPois    .         Spirit   .   (no helmet)
rElec    .         Reflect  .   (no cloak)
rCorr    .         Harm     .   (no gloves)
MR       .....                  (no boots)
Stlth    +.........             (no amulet)
HPRegen  0.08/turn              (no ring)
MPRegen  0.10/turn              (no ring)

@: no status effects
A: change form in water, swift swim, stealthy swim
a: no special abilities


You were on level 2 of the Dungeon.
You were not hungry.

You visited 1 branch of the dungeon, and saw 2 of its levels.

You collected 21 gold pieces.

Inventory:

Hand Weapons
 g - a +2 mace of crushing (weapon)
Missiles
 a - 12 arrows
 m - 26 stones (quivered)
Armour
 b - a +0 robe (worn)
Scrolls
 i - 3 scrolls of remove curse {unknown}
 l - 2 scrolls of identify {unknown}
Potions
 c - a potion of curing
 e - a potion of invisibility {unknown}
 h - a potion of berserk rage {unknown}
 j - a potion of brilliance {unknown}
 k - a potion of haste {unknown}
Comestibles
 d - 4 rations
 n - 5 chunks of flesh


   Skills:
 - Level 1.1 Fighting
 - Level 3.0 Dodging
 * Level 3.9 Unarmed Combat
 - Level 2.0 Spellcasting
 * Level 3.7 Transmutations


You had 5 spell levels left.
You knew the following spells:

 Your Spells              Type           Power        Failure   Level  Hunger
d - Beastly Appendage     Tmut           #.....       6%          1    ##.....

Your spell library contained the following spells:

 Spells                   Type           Power        Failure   Level  Hunger
 Sticks to Snakes         Tmut           #.......     10%         2    ###....
 Spider Form              Tmut/Pois      #.........   38%         3    ####...
 Ice Form                 Ice/Tmut       #.......     80%         4    #####..
 Blade Hands              Tmut           #.........   87%         5    ######.


Dungeon Overview and Level Annotations

Branches:
Dungeon (2/15)

Altars:

Annotations:
D:2 Robin


Message History

Robin roars a battlecry!
The goblin goes into a battle-frenzy!
Robin throws the goblin at you!
* * * LOW HITPOINT WARNING * * *
The goblin unwields a +0 hunting sling.
The goblin barely misses you.
Your magical contamination has completely faded away.
You barely miss the goblin. The goblin completely misses you.
The goblin misses you.
Okay, then.
It was a potion of curing.
You feel better. The goblin hits you with a +0 dagger.
* * * LOW HITPOINT WARNING * * *
The goblin misses you.
It was a potion of degeneration.
There was something very wrong with that liquid.
You feel weakened.
You feel dopey.
You feel clumsy. The goblin hits you with a +0 dagger.
* * * LOW HITPOINT WARNING * * *
The goblin hits you.
You die...

######. #####.#.# #...%...#
#...#.#.# #.......# #...#.#.#
#.......# #...#.#.# #.......#
####...#.#.# #.......#
.......+.#.#
#......)#########...#.#.#####
#.......)g.g@g....)......((<#
#.......###############g#####
#.......###...#.g..).g.g#
##..........#[#.#########
#.#.########.#.# #
#.#<.....#.#.# #.#.####.#.#.#
#g#......#.#.# #g#.#.####.#.#


You could see Robin and 2 goblins.

Vanquished Creatures
  A leopard gecko (D:1)
  3 bats (D:1)
  A giant cockroach (D:1)
  9 goblins
  3 hobgoblins
  6 frilled lizards (D:1)
  4 kobolds
  A rat (D:1)
28 creatures vanquished.

Notes
Turn   | Place    | Note
-------+----------+-------------------------------------------
     0 | D:1      | FishyPogo the Merfolk Transmuter began the quest for the
                  | Orb.
     0 | D:1      | Reached XP level 1. HP: 15/15 MP: 3/3
   204 | D:1      | Reached XP level 2. HP: 21/21 MP: 5/5
  1053 | D:2      | Noticed Robin
  1361 | D:2      | Reached XP level 3. HP: 25/26 MP: 4/6
  1396 | D:2      | HP: 1/26 [goblin/+0 club[Robin] (4)]
  1402 | D:2      | HP: 1/26 [Robin/goblin (1)]
  1405 | D:2      | Slain by a goblin

Skill      XL: |  1 |
---------------+----+-----
Dodging        | 3 |  3.0
Transmutations | 3 |  3.7
Fighting       | |  1.1
Unarmed Combat | |  3.9
Spellcasting   | |  2.0

Action                   || total
-------------------------++-------
Melee: Unarmed           ||    12
       Mace              ||    60
       Headbutt          ||     3
 Cast: Beastly Appendage ||    10
  Use: Potion            ||     2
  Eat: Chunk             ||     2
Armor: Robe              ||    13
Dodge: Dodged            ||    60
